 Dungeon Crawl Stone Soup version 0.28-a0-1395-g4f6bc678fa (webtiles) character file.

Game seed: 1493303845559956558

0 zap2161 the Vexing (level 1, -5/12 HPs)
             Began as a Kobold Arcane Marksman on Jan 4, 2022.
             Killed from afar by Natasha (11 damage)
             ... with a magic dart
             ... on level 2 of the Dungeon.
             The game lasted 00:03:12 (553 turns).

zap2161 the Vexing (Kobold Arcane Marksman)          Turns: 553, Time: 00:03:12

Health: -5/12      AC:  3    Str:  7    XL:     1   Next: 11%
Magic:  2/2        EV: 14    Int: 14    God:
Gold:   6          SH:  0    Dex: 15    Spells: 1/2 levels left

rFire   . . .      SeeInvis .   a - +0 hand crossbow
rCold   . . .      Faith    .   (no shield)
rNeg    . . .      Spirit   .   b - +0 leather armour
rPois   .          Reflect  .   (no helmet)
rElec   .          Harm     .   (no cloak)
rCorr   .          Rampage  .   (no gloves)
Will    .....                   (no boots)
Stlth   ++........              (no amulet)
HPRegen 0.04/turn               (no ring)
MPRegen 0.08/turn               (no ring)

@: no status effects
A: small, no large weapons, nightstalker 3
a: no special abilities


You were on level 2 of the Dungeon.
You visited 1 branch of the dungeon, and saw 2 of its levels.

You collected 6 gold pieces.

Inventory:

Hand Weapons
 a - a +0 hand crossbow (weapon)
Missiles
 c - 20 bolts (quivered ammo)
 g - 18 arrows
Armour
 b - a +0 leather armour (worn)
 d - a +0 robe
 f - a +0 ring mail
Scrolls
 e - a scroll of identify {unknown}
Potions
 h - a potion of might {unknown}


   Skills:
 + Level 1.1 Fighting
 + Level 2.4 Crossbows
 + Level 2.5 Dodging
 + Level 1.1 Spellcasting
 + Level 3.0 Hexes


You had one spell level left.
You knew the following spells:

 Your Spells              Type           Power      Damage    Failure   Level
a - Slow                  Hex            36%        N/A       12%         1

Your spell library contained the following spells:

 Spells                   Type           Power      Damage    Failure   Level
 Inner Flame              Hex/Fire       4%         N/A       54%         3
 Portal Projectile        Hex/Tloc       8%         N/A       54%         3
 Cause Fear               Hex            4%         N/A       75%         4


Dungeon Overview and Level Annotations

Branches:
Dungeon (2/15)

Altars:

Annotations:
D:2 Natasha


Innate Abilities, Weirdness & Mutations

You are small and have problems with some larger weapons.
You are completely attuned to the shadows.


Message History

You climb downwards.
There is a stone staircase leading up here.
Found a scroll labelled KONLITRAZUU.
e - a scroll labelled KONLITRAZUU
Found a ring mail.
Found an escape hatch in the floor.
You see here a +0 ring mail.
f - a +0 ring mail Fire: 20 bolts
Press: ? - help, Q - select action, (/) - cycle Shift-Dir - straight line, f - rat
Aim: a rat (63% to hit)
You shoot a bolt. The bolt completely misses the rat.
The rat completely misses you.
Fire: 19 bolts
Press: ? - help, Q - select action, (/) - cycle Shift-Dir - straight line, f/p - rat
Aim: a rat (63% to hit)
You shoot a bolt. The bolt closely misses the rat.
The rat bites you but does no damage.
Fire: 18 bolts
Press: ? - help, Q - select action, (/) - cycle Shift-Dir - straight line, f/p - rat
Aim: a rat (63% to hit)
You shoot a bolt. The bolt hits the rat.
You kill the rat!
c - 18 bolts (gained 1)
You see here a rat corpse.
c - 20 bolts (gained 2)
You see here a rat corpse.
Unknown command.
Found 18 arrows.
You see here 18 arrows.
g - 18 arrows
Found an emerald potion.
h - an emerald potion A kobold and Natasha come into view.
The kobold shouts!
Natasha claws you. The kobold hits you with a +0 dagger.
Natasha casts a spell at you. The magic dart hits you!
Ouch! That really hurt!
You die...

#. #.# # #. #.#
.# #.#.###.##.#
#...h##....#
......@.....
#...K##.####
#.#.###.#####
#... #.....###.
...............
..##.###.#### .
#.# #.# ##
.##.###.# #.#
.....#.#


You could see Natasha and a kobold.

Vanquished Creatures
  A rat (D:2)
1 creature vanquished.

Notes
Turn   | Place    | Note
-------+----------+-------------------------------------------
     0 | D:1      | zap2161 the Kobold Arcane Marksman began the quest for the
                  | Orb.
     0 | D:1      | Reached XP level 1. HP: 12/12 MP: 2/2
   550 | D:2      | Noticed Natasha
   553 | D:2      | Killed from afar by Natasha

Illustrated notes

Levels and vault maps discovered:
D:1:      minmay_arrival_semitransparent, layout_loops_ring
D:2:      layout_loops_ring, minmay_split_cup_small, uniq_natasha

Action                   || total
-------------------------++-------
 Fire: Hand crossbow     ||     3
Armor: Leather armour    ||     1
Dodge: Dodged            ||     1

Table legend: (Time is in decaauts)
 A = Elapsed time spent in this place.
 B = Non-inter-level travel time spent in this place.
 C = Inter-level travel time spent in this place.
 D = Time resting spent in this place.
 E = Time spent auto-exploring this place.
 F = Levels seen in this place.
 G = Mean time per level.
                   A        B        C        D        E       F      G
               +--------+--------+--------+--------+--------+-----+--------+
         Total |    553 |    553 |      0 |    300 |      0 |   2 |  276.5 |
       Dungeon |    553 |    553 |      0 |    300 |      0 |   2 |  276.5 |
               +--------+--------+--------+--------+--------+-----+--------+

Top non-repeatable levels by time:
     D:1: 369 daAuts
     D:2: 184 daAuts
